 Dungeon Crawl Stone Soup version 0.30-a0-930-gb9d0489357 (webtiles) character file.

Game seed: 4291182306192449277

448 DeathPants the Sneak (level 7, -9/36 HPs)
             Began as a Vine Stalker Brigand on Mar 23, 2023.
             Mangled by an ogre
             ... wielding a +0 giant club
              (29 damage)
             ... on level 4 of the Dungeon.
             The game lasted 00:09:03 (1909 turns).

DeathPants the Sneak (Vine Stalker Brigand)         Turns: 1909, Time: 00:09:04

Health: -9/36      AC:  6    Str: 13    XL:     7   Next: 4%
Magic:  0/8        EV: 10    Int: 11    God:
Gold:   144        SH:  0    Dex: 18    Spells: 6/6 levels left

rFire   . . .      SeeInvis +    a - +2 dagger
rCold   . . .      Faith    .    (no shield)
rNeg    . . .      Spirit   +    b - +4 ring mail
rPois   .          Reflect  .    (no helmet)
rElec   .          Rampage  .    c - +0 cloak
rCorr   .                        (no gloves)
Will    .....                    (no boots)
Stlth   ++                       (no amulet)
HPRegen 1.06/turn                i - ring of see invisible
MPRegen 0.11/turn                (no ring)

@: corroded
A: fangs 2, regeneration 1, magic shield, antimagic bite, no potion heal 2
a: no special abilities


You were on level 4 of the Dungeon.
You visited 1 branch of the dungeon, and saw 4 of its levels.

You collected 144 gold pieces.

Inventory:

Hand Weapons
 a - a +2 dagger (weapon)
Missiles
 e - a curare-tipped dart
 j - 6 poisoned darts (quivered)
Armour
 b - a +4 ring mail (worn)
 c - a +0 cloak (worn)
 m - a +0 leather armour
Jewellery
 f - a +6 ring of intelligence
 i - a ring of see invisible (left hand)
Wands
 s - a wand of light (3)
 t - a wand of roots (3)
Scrolls
 d - a scroll of silence
 g - a scroll of poison {unknown}
 k - a scroll of teleportation {unknown}
 n - a scroll of fog {unknown}
 o - a scroll of amnesia {unknown}
 p - a scroll of blinking {unknown}
 q - a scroll of magic mapping {unknown}
 r - a scroll of torment {unknown}
 v - a scroll of noise {unknown}
Potions
 h - a potion of mutation
 l - a potion of curing
 u - a potion of might {unknown}


   Skills:
 + Level 3.3 Fighting
 * Level 4.3 Short Blades
 * Level 4.4 Throwing
 - Level 0.7 Dodging
 - Level 4.8 Stealth


You had 6 spell levels left.
You didn't know any spells.
Your spell library was empty.

Dungeon Overview and Level Annotations

Branches:
Dungeon (4/15)
 Temple: D:4-7

Altars:

Shops:
D:2 [


Innate Abilities, Weirdness & Mutations

You have extremely sharp teeth.
Your natural rate of healing is unusually fast.
When hurt, damage is shared between your health and your magic reserves.
Your bite disrupts and absorbs the magic of your enemies.
Potions cannot restore your health.


Message History

The jelly is severely wounded.
The jelly hits you but does no damage.
You hit the jelly.
Your hands burn!
You bite the jelly, but do no damage.
The jelly is almost dead.
You hit the jelly.
Your hands burn!
You bite the jelly.
You kill the jelly!
You have reached level 7!
You hit the ball python.
You kill the ball python!
Throw: 2 darts (curare)
Press: ? - help, Shift-Dir - straight line, f - ogre
Aim: an ogre, wielding a +0 giant club (77% to hit)
You throw a curare-tipped dart. The curare-tipped dart hits the ogre.
The ogre is poisoned.
The ogre convulses.
The ogre seems to slow down.
The ogre is moderately wounded.
You hit the ogre but do no damage.
The ogre is moderately wounded.
A hobgoblin comes into view.
You hit the ogre.
The ogre is moderately wounded.
The ogre hits you with a +0 giant club!
You hit the ogre but do no damage.
The ogre is moderately wounded.
You hit the ogre but do no damage. You bite the ogre. You drain its power.
You feel invigorated.
The ogre is heavily wounded.
Hit: a) +2 dagger
Press: ? - help, Dir - move target, f/p - ogre
Aim: an ogre, wielding a +0 giant club (heavily wounded, very poisoned, slow, about 19% to evade your +2 dagger)
Okay, then.
Aiming: Bolt of Light
Press: ? - help, Shift-Dir - straight line, f/p - ogre
Aim: an ogre, wielding a +0 giant club (heavily wounded, very poisoned, slow, 86% to hit)
The bolt of light hits the ogre!
The ogre is almost dead.
The ogre is blinded.
The ogre hits you with a +0 giant club!!
Ouch! That really hurt!
You die...

######## ##
######......##....
#.........@O(..... .
#.##...###†###....
..#####.## #.### .
........# ##...##
(.......#.. ##.....#
........##g..#..g...#
........###.........#
.........###S.##....#
..........######.####


You could see an ogre (blind, very poisoned, slow) and a hobgoblin.

Vanquished Creatures
  Sigmund (D:2)
  A hound (D:4)
  A jelly (D:4)
  A sleepcap (D:4)
  Natasha (thrice) (D:2)
  3 gnolls
  4 adders
  A worm (D:2)
  An orc (D:4)
  5 bats
  3 endoplasms
  2 giant cockroaches
  10 goblins
  6 hobgoblins
  5 kobolds
  A quokka (D:4)
  4 ball pythons
  4 frilled lizards
  5 rats
61 creatures vanquished.

Notes
Turn   | Place    | Note
-------+----------+-------------------------------------------
     0 | D:1      | DeathPants the Vine Stalker Brigand began the quest for the
                  | Orb.
     0 | D:1      | Reached XP level 1. HP: 11/11 MP: 2/2
   137 | D:1      | Reached XP level 2. HP: 1/15 MP: 0/3
   468 | D:2      | Noticed Natasha
   486 | D:2      | Noticed a crimson imp
   603 | D:1      | Reached XP level 3. HP: 18/18 MP: 4/4
  1218 | D:2      | Gained mutation: Your natural rate of healing is unusually
                  | fast. [Vine Stalker growth]
  1218 | D:2      | Reached XP level 4. HP: 15/23 MP: 3/5
  1449 | D:2      | Killed Natasha
  1464 | D:2      | Found Buruvops's Antique Armour Shoppe.
  1602 | D:2      | Noticed Natasha
  1611 | D:2      | Killed Natasha
  1612 | D:2      | Reached XP level 5. HP: 27/27 MP: 4/6
  1643 | D:2      | Noticed Natasha
  1648 | D:2      | Noticed Sigmund
  1661 | D:2      | Killed Sigmund
  1662 | D:2      | Reached XP level 6. HP: 32/32 MP: 7/7
  1677 | D:2      | Killed Natasha
  1903 | D:4      | Reached XP level 7. HP: 26/36 MP: 5/8
  1909 | D:4      | Mangled by an ogre

Illustrated notes

Levels and vault maps discovered:
D:1:      dpeg_arrival_rhombus, layout_basic
D:2:      layout_rooms, serial_shops,
          nicolae_shop_temple_entry_statues_fountains, corexii_corridor_pit,
          uniq_natasha, uniq_sigmund
D:3:      layout_loops_cross
D:4:      layout_gridville, nicolae_ossuary_entry_plus, minmay_cupped,
          uniq_menkaure

Skill      XL: |  1  2  3  4  5  6 |
---------------+-------------------+-----
Fighting       | 2 3 |  3.3
Short Blades   | 2 3 4 |  4.3
Throwing       | 2 3 4 |  4.4
Dodging        | |  0.7
Stealth        | |  4.8

Action                     |  1- 3 |  4- 6 |  7- 9 || total
---------------------------+-------+-------+-------++-------
  Melee: Dagger            |    73 |    92 |     5 ||   170
         Bite              |    12 |    29 |     1 ||    42
  Throw: Dart              |    20 |    20 |     1 ||    41
  Evoke: Wand              |       |     5 |     1 ||     6
    Use: Scroll            |     2 |     1 |       ||     3
   Stab: Sleeping          |     2 |     2 |       ||     4
         Invisible         |       |     1 |       ||     1
         Distracted        |       |     1 |       ||     1
 Armour: Robe              |    12 |       |       ||    12
         Ring mail         |    12 |    37 |       ||    49
         Leather armour    |     1 |       |       ||     1
  Dodge: Dodged            |    38 |    52 |       ||    90

Table legend: (Time is in decaauts)
 A = Elapsed time spent in this place.
 B = Non-inter-level travel time spent in this place.
 C = Inter-level travel time spent in this place.
 D = Time resting spent in this place.
 E = Time spent auto-exploring this place.
 F = Levels seen in this place.
 G = Mean time per level.
                   A        B        C        D        E       F      G
               +--------+--------+--------+--------+--------+-----+--------+
         Total |   1880 |   1817 |     63 |    160 |    918 |   4 |  470.0 |
       Dungeon |   1880 |   1817 |     63 |    160 |    918 |   4 |  470.0 |
               +--------+--------+--------+--------+--------+-----+--------+

Top non-repeatable levels by time:
     D:1: 1008 daAuts
     D:2: 656 daAuts
     D:4: 114 daAuts
     D:3: 101 daAuts
